BSA
POCATELLO BOCCABELLAS @ SEATTLE PIKES
08/21/2027
 
TOP OF THE 1ST
Pocatello Boccabellas batting - Pitching for Seattle Pikes : LHP Marcos Benítez
Pitching: LHP Marcos Benítez
Batting: RHB Tomás Carranza 0-0: Called Strike
0-1: Ball
1-1: Ball
2-1: SINGLE (Groundball, 4MD)
Batting: RHB Manny Copriviza 0-0: Ball
1-0: Called Strike
1-1: Grounds into double play, 6-4-3 (Groundball, 6MD)
Batting: RHB Marlon Phipps 0-0: Ball
1-0: Ground out 6-3 (Groundball, 6S)
Top of the 1st over - 0 run(s), 1 hit(s), 0 error(s), 0 left on base; Pocatello 0 - Seattle 0
BOTTOM OF THE 1ST
Seattle Pikes batting - Pitching for Pocatello Boccabellas : LHP Rod Adams
Pitching: LHP Rod Adams
Batting: RHB Manuel Rico 0-0: Called Strike
0-1: Ball
1-1: Swinging Strike
1-2: Ball
2-2: Ball
3-2: Foul Ball, location: 2F
3-2: SOLO HOME RUN (Flyball, 78XD), Distance : 443 ft
Batting: RHB Roberto Zamora 0-0: Called Strike
0-1: Called Strike
0-2: Strikes out swinging
Batting: RHB Bill Mark 0-0: Called Strike
0-1: Ball
1-1: Foul Ball, location: 2F
1-2: Ball
2-2: Ball
3-2: Base on Balls
Batting: LHB Richard Hunter 0-0: Ball
1-0: Swinging Strike
1-1: Ball
2-1: Ball
3-1: Base on Balls
Bill Mark to second
Batting: RHB Iván Gonzáles 0-0: Ball
1-0: Called Strike
1-1: Ball
2-1: Foul Ball, location: 2F
2-2: Strikes out swinging
Batting: RHB António Ortega 0-0: Ball
1-0: Foul Ball, location: 2F
1-1: Ball
2-1: Swinging Strike
2-2: Foul Ball, location: 2F
2-2: Fly out, F7 (Line Drive, 78D)
Bottom of the 1st over - 1 run(s), 1 hit(s), 0 error(s), 2 left on base; Pocatello 0 - Seattle 1
TOP OF THE 2ND
Pocatello Boccabellas batting - Pitching for Seattle Pikes : LHP Marcos Benítez
Batting: LHB Juan Cortés 0-0: Called Strike
0-1: SOLO HOME RUN (Flyball, 7LD), Distance : 364 ft
Batting: RHB Ernesto Acosta 0-0: Swinging Strike
0-1: Foul Ball, location: 2F
0-2: Strikes out swinging
Batting: RHB Francisco Sandoval 0-0: Ball
1-0: Ball
2-0: Called Strike
2-1: SINGLE (Line Drive, 89M)
Batting: SHB Nick Cox 0-0: DOUBLE (Line Drive, 89M)
Francisco Sandoval to third
Batting: RHB José Delgado 0-0: Foul Ball, location: 2F
0-1: Foul Ball, location: 2F
0-2: Fly out, F9 (Flyball, 89M)
Batting: RHB Chris Parker 0-0: Ball
1-0: Called Strike
1-1: Ball
2-1: Ball
3-1: Base on Balls
Batting: RHB Tomás Carranza 0-0: Ball
1-0: Called Strike
1-1: SINGLE (Groundball, 34D)
Francisco Sandoval scores
Nick Cox to third
Chris Parker to second
Runner from 3rd tries for Home, SAFE, throw made home
Chris Parker to third
Tomás Carranza to second
Batting: RHB Manny Copriviza 0-0: Ball
1-0: Ball
2-0: Ball
3-0: Called Strike
3-1: Foul Ball, location: 2F
3-2: Foul Ball, location: 2F
3-2: Foul Ball, location: 2F
3-2: Ground out 4-3 (Groundball, 4)
Top of the 2nd over - 3 run(s), 4 hit(s), 0 error(s), 2 left on base; Pocatello 3 - Seattle 1
BOTTOM OF THE 2ND
Seattle Pikes batting - Pitching for Pocatello Boccabellas : LHP Rod Adams
Batting: RHB Henning Huisman 0-0: Called Strike
0-1: Ball
1-1: Foul Ball, location: 2F
1-2: Strikes out looking
Batting: RHB Wallace Greene 0-0: Fly out, F4 (Popup, 3D)
Batting: LHB Eduardo Gómez 0-0: Ball
1-0: SINGLE (Groundball, 34D)
Batting: RHB Manuel Rico 0-0: Fly out, F8 (Flyball, 8LD)
Bottom of the 2nd over - 0 run(s), 1 hit(s), 0 error(s), 1 left on base; Pocatello 3 - Seattle 1
TOP OF THE 3RD
Pocatello Boccabellas batting - Pitching for Seattle Pikes : LHP Marcos Benítez
Batting: RHB Marlon Phipps 0-0: Called Strike
0-1: Ball
1-1: Ball
2-1: Fly out, F9 (Flyball, 9S)
Batting: LHB Juan Cortés 0-0: Called Strike
0-1: Foul Ball, location: 2F
0-2: Ball
1-2: Foul Ball, location: 2F
1-2: Ball
2-2: Foul Ball, location: 2F
2-2: Ball
3-2: Fly out, F7 (Flyball, 7S)
Batting: RHB Ernesto Acosta 0-0: Foul Ball, location: 2F
0-1: Ball
1-1: Swinging Strike
1-2: Ball
2-2: Strikes out swinging
Top of the 3rd over - 0 run(s), 0 hit(s), 0 error(s), 0 left on base; Pocatello 3 - Seattle 1
BOTTOM OF THE 3RD
Seattle Pikes batting - Pitching for Pocatello Boccabellas : LHP Rod Adams
Batting: RHB Roberto Zamora 0-0: Ball
1-0: Ball
2-0: Ball
3-0: Called Strike
3-1: Called Strike
3-2: Foul Ball, location: 2F
3-2: Fly out, F5 (Popup, 56S)
Batting: RHB Bill Mark 0-0: Ball
1-0: Ball
2-0: Called Strike
2-1: Ball
3-1: SINGLE (Flyball, 8RS)
Batting: LHB Richard Hunter 0-0: Swinging Strike
0-1: Foul Ball, location: 2F
0-2: SINGLE (Flyball, 8RS)
Bill Mark to second
Batting: RHB Iván Gonzáles 0-0: DOUBLE (Groundball, 5L)
Bill Mark scores
Richard Hunter to third
Runner from 3rd tries for Home, SAFE, throw made home
Batting: RHB António Ortega 0-0: Ball
1-0: Ball
2-0: DOUBLE (Flyball, 89D)
Iván Gonzáles scores
Batting: RHB Henning Huisman 0-0: Called Strike
0-1: Ball
1-1: Swinging Strike
1-2: Ball
2-2: Foul Ball, location: 2F
2-2: Strikes out swinging
Batting: RHB Wallace Greene 0-0: DOUBLE (Line Drive, 89D)
António Ortega scores
Batting: LHB Eduardo Gómez 0-0: Ball
1-0: Ball
2-0: Ground out 4-3 (Groundball, 4)
Bottom of the 3rd over - 4 run(s), 5 hit(s), 0 error(s), 1 left on base; Pocatello 3 - Seattle 5
TOP OF THE 4TH
Pocatello Boccabellas batting - Pitching for Seattle Pikes : LHP Marcos Benítez
Batting: RHB Francisco Sandoval 0-0: SINGLE (Line Drive, 9S)
Batting: SHB Nick Cox 0-0: Ball
1-0: Fly out, F7 (Line Drive, 7)
Batting: RHB José Delgado 0-0: Ball
1-0: Ground out 4-3 (Groundball, 4M)
Francisco Sandoval to second
Batting: RHB Chris Parker 0-0: Swinging Strike
0-1: Ball
1-1: Ball
2-1: Swinging Strike
2-2: Strikes out swinging
Top of the 4th over - 0 run(s), 1 hit(s), 0 error(s), 1 left on base; Pocatello 3 - Seattle 5
BOTTOM OF THE 4TH
Seattle Pikes batting - Pitching for Pocatello Boccabellas : LHP Rod Adams
Batting: RHB Manuel Rico 0-0: Ball
1-0: Fly out, F8 (Line Drive, 8LD)
Batting: RHB Roberto Zamora 0-0: Foul Ball, location: 2F
0-1: Ball
1-1: Ball
2-1: Ball
3-1: Called Strike
3-2: Foul Ball, location: 2F
3-2: Foul Ball, location: 2F
3-2: Base on Balls
Batting: RHB Bill Mark 0-0: Ball
1-0: Ball
2-0: Called Strike
2-1: SINGLE (Groundball, 4MD)
Roberto Zamora to second
Batting: LHB Richard Hunter 0-0: Ball
1-0: Ball
2-0: Foul Ball, location: 2F
2-1: SINGLE (Groundball, 6D)
Roberto Zamora to third
Bill Mark to second
Runner from 3rd tries for Home, SAFE, no throw
Pitching: LHP Martin Lowry
Batting: RHB Iván Gonzáles 0-0: Ball
Passed Ball!
Bill Mark to third
Richard Hunter to second
1-0: Foul Ball, location: 2F
1-1: Foul Ball, location: 2F
1-2: Fly out, F9 (Flyball, 89M)
Batting: RHB António Ortega 0-0: Ball
1-0: Ball
2-0: Called Strike
2-1: SINGLE (Groundball, 5D)
Bill Mark scores
Richard Hunter to third
Runner from 3rd tries for Home, SAFE, throw made home
Batting: RHB Henning Huisman 0-0: Ball
1-0: Ball
2-0: Fielders Choice at 2nd, 6-4 (Groundball, 6)
Bottom of the 4th over - 3 run(s), 3 hit(s), 0 error(s), 0 left on base; Pocatello 3 - Seattle 8
TOP OF THE 5TH
Pocatello Boccabellas batting - Pitching for Seattle Pikes : LHP Marcos Benítez
Batting: RHB Tomás Carranza 0-0: Ground out 5-3 (Groundball, 56)
Batting: RHB Manny Copriviza 0-0: Ball
1-0: Ball
2-0: Ball
3-0: Base on Balls
Batting: RHB Marlon Phipps 0-0: Called Strike
0-1: Ball
1-1: Ball
2-1: Called Strike
2-2: SINGLE (Groundball, 6MD)
Manny Copriviza to second
Batting: LHB Juan Cortés 0-0: Ball
1-0: Ball
2-0: Swinging Strike
2-1: SINGLE (Groundball, 6D)
Manny Copriviza to third
Marlon Phipps to second
Batting: RHB Ernesto Acosta 0-0: Called Strike
0-1: Grounds into double play, 5-4-3 (Groundball, 56)
Top of the 5th over - 0 run(s), 2 hit(s), 0 error(s), 2 left on base; Pocatello 3 - Seattle 8
BOTTOM OF THE 5TH
Seattle Pikes batting - Pitching for Pocatello Boccabellas : LHP Martin Lowry
Batting: RHB Wallace Greene 0-0: Foul Ball, location: 2F
0-1: Ball
1-1: Ball
2-1: Fly out, F5 (Popup, 56S)
Batting: LHB Eduardo Gómez 0-0: Ball
1-0: Swinging Strike
1-1: Called Strike
1-2: Ball
2-2: Strikes out looking
Batting: RHB Manuel Rico 0-0: DOUBLE (Line Drive, 7LM)
Batting: RHB Roberto Zamora 0-0: Called Strike
0-1: Foul Ball, location: 2F
0-2: Ball
1-2: Ball
2-2: Strikes out swinging
Bottom of the 5th over - 0 run(s), 1 hit(s), 0 error(s), 1 left on base; Pocatello 3 - Seattle 8
TOP OF THE 6TH
Pocatello Boccabellas batting - Pitching for Seattle Pikes : LHP Marcos Benítez
Batting: RHB Francisco Sandoval 0-0: Called Strike
0-1: Swinging Strike
0-2: Strikes out swinging
Batting: SHB Nick Cox 0-0: Called Strike
0-1: Swinging Strike
0-2: Ball
1-2: Foul Ball, location: 2F
1-2: Ball
2-2: Ball
3-2: Ground out 6-3 (Groundball, 6)
Batting: RHB José Delgado 0-0: Ball
1-0: Ball
2-0: Called Strike
2-1: Fly out, F7 (Flyball, 7S)
Top of the 6th over - 0 run(s), 0 hit(s), 0 error(s), 0 left on base; Pocatello 3 - Seattle 8
BOTTOM OF THE 6TH
Seattle Pikes batting - Pitching for Pocatello Boccabellas : LHP Martin Lowry
Batting: RHB Bill Mark 0-0: Ground out 4-3 (Groundball, 4)
Batting: LHB Richard Hunter 0-0: Called Strike
0-1: Ball
1-1: Ball
2-1: Ball
3-1: Foul Ball, location: 2F
3-2: Fly out, F7 (Flyball, 7)
Batting: RHB Iván Gonzáles 0-0: Foul Ball, location: 2F
0-1: Fly out, F8 (Flyball, 8LD)
Bottom of the 6th over - 0 run(s), 0 hit(s), 0 error(s), 0 left on base; Pocatello 3 - Seattle 8
TOP OF THE 7TH
Pocatello Boccabellas batting - Pitching for Seattle Pikes : LHP Marcos Benítez
Batting: RHB Chris Parker 0-0: Ball
1-0: Ball
2-0: Swinging Strike
2-1: Foul Ball, location: 2F
2-2: Ball
3-2: Strikes out swinging
Batting: RHB Tomás Carranza 0-0: Called Strike
0-1: Ground out U3 (Groundball, 34S)
Batting: RHB Manny Copriviza 0-0: Called Strike
0-1: Ball
1-1: Foul Ball, location: 2F
1-2: Fly out, F5 (Popup, 5S)
Top of the 7th over - 0 run(s), 0 hit(s), 0 error(s), 0 left on base; Pocatello 3 - Seattle 8
BOTTOM OF THE 7TH
Seattle Pikes batting - Pitching for Pocatello Boccabellas : LHP Martin Lowry
Batting: RHB António Ortega 0-0: Ball
1-0: Fly out, F8 (Flyball, 8RS)
Batting: RHB Henning Huisman 0-0: Ball
1-0: Foul Ball, location: 2F
1-1: Fly out, F7 (Flyball, 7)
Batting: RHB Wallace Greene 0-0: Called Strike
0-1: Ball
1-1: Ball
2-1: Ball
3-1: Swinging Strike
3-2: Foul Ball, location: 2F
3-2: Foul Ball, location: 2F
3-2: Fly out, F3 (Popup, 3L)
Bottom of the 7th over - 0 run(s), 0 hit(s), 0 error(s), 0 left on base; Pocatello 3 - Seattle 8
TOP OF THE 8TH
Pocatello Boccabellas batting - Pitching for Seattle Pikes : LHP Marcos Benítez
Now at C: Tae-kwon Kwon
Now in LF: Randy Sheppard
Batting: RHB Marlon Phipps 0-0: Ball
1-0: Ball
2-0: Called Strike
2-1: Swinging Strike
2-2: SOLO HOME RUN (Flyball, 7LD), Distance : 354 ft
Batting: LHB Juan Cortés 0-0: Called Strike
0-1: Ball
1-1: Swinging Strike
1-2: Fly out, F7 (Flyball, 78S)
Pitching: LHP Manny Sandoval
Batting: RHB Ernesto Acosta 0-0: Ball
1-0: Ground out 4-3 (Groundball, 4)
Batting: RHB Francisco Sandoval 0-0: Called Strike
0-1: Ground out 1-3 (Groundball, 15S)
Top of the 8th over - 1 run(s), 1 hit(s), 0 error(s), 0 left on base; Pocatello 4 - Seattle 8
BOTTOM OF THE 8TH
Seattle Pikes batting - Pitching for Pocatello Boccabellas : LHP Martin Lowry
Batting: LHB Eduardo Gómez 0-0: Ball
1-0: Called Strike
1-1: Ball
2-1: SINGLE (Groundball, 4MD)
Batting: RHB Manuel Rico 0-0: Ball
1-0: Sac Bunt - play at first, batter OUT! 1-4
Eduardo Gómez to second
Batting: RHB Roberto Zamora 0-0: Called Strike
0-1: Foul Ball, location: 2F
0-2: Ball
1-2: Ball
2-2: Foul Ball, location: 2F
2-2: Ball
3-2: Ground out 6-3 (Groundball, 6)
Batting: RHB Bill Mark 0-0: Ground out 4-3 (Groundball, 4)
Bottom of the 8th over - 0 run(s), 1 hit(s), 0 error(s), 1 left on base; Pocatello 4 - Seattle 8
TOP OF THE 9TH
Pocatello Boccabellas batting - Pitching for Seattle Pikes : LHP Manny Sandoval
Batting: SHB Nick Cox 0-0: Called Strike
0-1: SOLO HOME RUN (Flyball, 7LD), Distance : 376 ft
Pitching: LHP Cristián Escobar
Batting: RHB José Delgado 0-0: Ball
1-0: Foul Ball, location: 2F
1-1: Swinging Strike
1-2: SINGLE (Flyball, 8RS) - OUT at second base trying to stretch hit.
Batting: RHB Chris Parker 0-0: Called Strike
0-1: Ball
1-1: Ball
2-1: Ball
3-1: Foul Ball, location: 2F
3-2: Foul Ball, location: 2F
3-2: Foul Ball, location: 2F
3-2: Ground out 6-3 (Groundball, 6)
Batting: RHB Tomás Carranza 0-0: Called Strike
0-1: Foul Ball, location: 2F
0-2: Ball
1-2: Fly out, F5 (Line Drive, 5)
Top of the 9th over - 1 run(s), 2 hit(s), 0 error(s), 0 left on base; Pocatello 5 - Seattle 8
Thursday, March 30th, 2017 - OOTP Baseball 17.12 Build 75